 Dungeon Crawl Stone Soup version 0.28.0 (webtiles) character file.

Game seed: 18103102273971021744

10962 croobank the Fighter (level 11, -7/101 HPs)
             Began as a Hill Orc Fighter on Feb 17, 2022.
             Was a Priest of Beogh.
             Mangled by a komodo dragon (22 damage)
             ... on level 1 of the Lair of Beasts.
             The game lasted 00:42:30 (10334 turns).

croobank the Fighter (Hill Orc Fighter)            Turns: 10334, Time: 00:42:30

Health: -7/101     AC: 11    Str: 24    XL:     11   Next: 70%
Magic:  18/18      EV: 10    Int:  8    God:    Beogh [***...]
Gold:   733        SH:  6    Dex: 12    Spells: 10/10 levels left

rFire   + . .      SeeInvis .   a - +0 war axe (venom)
rCold   . . .      Faith    .   o - +0 buckler
rNeg    . . .      Spirit   .   s - +1 ring mail {rF+}
rPois   +          Reflect  .   (no helmet)
rElec   .          Harm     .   g - +0 cloak
rCorr   .          Rampage  .   j - +0 pair of gloves
Will    .....                   (no boots)
Stlth   +.........              k - amulet of regeneration
HPRegen 1.06/turn               (no ring)
MPRegen 0.16/turn               (no ring)

@: no status effects
A: talons 1, poison resistance, strong 1
a: Renounce Religion, Smiting


You were on level 1 of the Lair of Beasts.
You worshipped Beogh.
Beogh was most pleased with you.
You visited 2 branches of the dungeon, and saw 12 of its levels.
You also visited: Sewer.

You collected 733 gold pieces.

Inventory:

Hand Weapons
 a - a +0 war axe of venom (weapon)
 b - a +0 hunting sling
 d - a +2 whip of flaming
 f - a +1 whip of freezing
 w - a +0 shortbow
 y - a +2 dagger of electrocution
 D - a +1 long sword of holy wrath
 O - a +4 dagger of chaos
 V - a +1 scimitar of flaming
 Y - the +8 morningstar of Brawling {venom, *Noise rCorr Str+2}
   (You found it on level 10 of the Dungeon)

   It poisons the flesh of those it strikes.
   Str:       It affects your strength (+2).
   *Noise:    It may make noises in combat.
   rCorr:     It protects you from acid and corrosion.
Missiles
 c - 6 datura-tipped darts
 e - 342 stones
 l - 8 boomerangs (quivered)
 p - 54 sling bullets
 q - 50 bolts
 x - 6 javelins
 H - 189 arrows
Armour
 g - a +0 cloak (worn)
 h - a +0 chain mail
 j - a +0 pair of gloves (worn)
 o - a +0 buckler (worn)
 s - a +1 ring mail of fire resistance (worn)
 N - +0 steam dragon scales
Jewellery
 i - a ring of fire
 k - an amulet of regeneration (around neck)
 m - a ring of ice
 u - an amulet of the acrobat
Wands
 r - a wand of flame (15)
 v - a wand of mindburst (1)
 z - a wand of iceblast (23)
 I - a wand of paralysis (4)
 M - a wand of charming (8)
 W - a wand of digging (6)
Scrolls
 C - 4 scrolls of fog
 F - 6 scrolls of teleportation
 J - a scroll of magic mapping
 L - 3 scrolls of fear
 P - a scroll of acquirement {unknown}
 T - a scroll of enchant armour {unknown}
 U - a scroll of summoning {unknown}
Potions
 n - a potion of invisibility
 t - a potion of degeneration {unknown}
 A - 4 potions of mutation
 B - 3 potions of curing
 E - 4 potions of brilliance
 G - a potion of lignification {unknown}
 K - 2 potions of flight
 Q - a potion of cancellation {unknown}
 R - a potion of magic
 S - 2 potions of heal wounds {unknown}
 Z - a potion of resistance
Miscellaneous
 X - a phial of floods


   Skills:
 + Level 10.6 Fighting
 - Level 10.5(11.0) Axes
 * Level 3.9(6.9) Maces & Flails
 + Level 9.6 Armour
 + Level 9.6 Shields
 + Level 9.7 Invocations


You had 10 spell levels left.
You didn't know any spells.
Your spell library contained the following spells:

 Spells                   Type           Power      Damage    Failure   Level
 Gell's Gravitas          Tloc           0%         N/A       92%         3
 Lesser Beckoning         Tloc           0%         N/A       92%         3
 Teleport Other           Tloc           0%         N/A       92%         3
 Olgreb's Toxic Radiance  Pois           0%         N/A       100%        4
 Blade Hands              Tmut           0%         N/A       100%        5
 Irradiate                Conj/Tmut      0%         3d14      100%        5
 Dragon Form              Tmut           0%         N/A       100%        7
 Ozocubu's Refrigeration  Ice            0%         4d5       100%        7
 Ignition                 Fire           0%         3d3       100%        8


Dungeon Overview and Level Annotations

Branches:
Dungeon (11/15)            Temple (0/1) D:4            Lair (1/6) D:8
  Sewer (visited)
    Orc: D:9-12

Altars:
Ashenzari
Dithmenos
Elyvilon
Fedhas
Makhleb
Okawaru
Qazlal
Sif Muna
Trog
Yredelemnul
Zin
Beogh

Shops:
D:8 =   D:9 :   D:10 (

Annotations:
D:7 2 transporters, BeingJoeMalik's ghost, novice DrFi


Innate Abilities, Weirdness & Mutations

You have sharp toenails.
Your system is resistant to poisons. (rPois)
Your muscles are strong. (Str +2)


Message History

The komodo dragon hisses angrily.
You slash the komodo dragon!
The komodo dragon is poisoned.
Your kick misses the komodo dragon.
The komodo dragon is moderately wounded.
The komodo dragon bites you!!
You hit the komodo dragon but do no damage.
Your kick misses the komodo dragon.
The komodo dragon is moderately wounded.
The komodo dragon hisses menacingly.
The komodo dragon bites you but does no damage.
You hit the komodo dragon but do no damage.
The komodo dragon looks as sick as possible!
The komodo dragon is moderately wounded.
The komodo dragon bites you!
You hit the komodo dragon but do no damage.
The komodo dragon looks as sick as possible!
You claw the komodo dragon, but do no damage.
The komodo dragon is moderately wounded.
The komodo dragon bites you!!
You slash the komodo dragon!
The komodo dragon looks as sick as possible!
The komodo dragon is severely wounded.
The komodo dragon bites you!!
* * * LOW HITPOINT WARNING * * *
You hit the komodo dragon.
The komodo dragon looks as sick as possible!
Your kick misses the komodo dragon.
The komodo dragon is severely wounded.
The komodo dragon bites you!
* * * LOW HITPOINT WARNING * * *
You hit the komodo dragon.
The komodo dragon looks as sick as possible!
Your kick misses the komodo dragon.
The komodo dragon is almost dead.
The komodo dragon bites you!
* * * LOW HITPOINT WARNING * * *
You hit the komodo dragon but do no damage.
The komodo dragon is almost dead.
The komodo dragon bites you!!
You die...

##.......#............
###.>................
##..#..............
#.......###..#.....
##....####.........
##....P.....#...). #
##...............
#...#####............)..
#....l@....P##...P.....
#...#.#...### ..#.....
... ####..# .#..... #
#...# ...P..... ...#..
......#..
......##.#.#....
.......≈####....
.....}#####....
......##.


You could see a komodo dragon (extremely poisoned).

Vanquished Creatures
  A boulder beetle (D:10)
  Erica (D:9)
  2 two-headed ogres
  Pikel (D:5)
  A cyclops (D:11)
  Psyche (D:8)
  A troll (D:11)
  A shadow (D:11)
  A wraith (D:11)
  A wyvern (D:9)
  12 yaks
  A steam dragon (D:8)
  2 wargs (D:8)
  Duvessa (D:6)
  3 water moccasins (Lair:1)
  A black bear (D:7)
  4 ogres
  2 sky beasts
  8 orc warriors
  A necrophage (D:4)
  3 lemures (D:5)
  4 centaurs
  3 kobold brigands
  A bullfrog (D:9)
  A gnoll sergeant (D:8)
  A wyvern zombie (D:4)
  5 scorpions
  A water moccasin skeleton (D:5)
  Dowan (D:6)
  10 killer bees
  A howler monkey (D:6)
  2 centaur zombies
  6 hounds
  A jelly (D:7)
  A centaur skeleton (D:5)
  5 orc priests
  A bullfrog skeleton (D:6)
  Jessica (D:3)
  2 iguanas (D:6)
  5 orc wizards
  A howler monkey zombie (D:8)
  10 gnolls
  A howler monkey skeleton (D:7)
  10 adders
  5 river rats (Sewer)
  2 white imps
  4 ufetubi
  An adder skeleton (D:5)
  4 worms
  A dart slug (D:1)
  44 orcs
  6 bats
  7 endoplasms
  7 giant cockroaches
  7 goblins
  7 hobgoblins
  4 jackals (Sewer)
  3 quokkas
  7 ball pythons
  9 frilled lizards
  18 kobolds
  7 rats
266 creatures vanquished.

Vanquished Creatures (others)
  A fungus (Lair:1)
  33 plants
34 creatures vanquished.

Grand Total: 300 creatures vanquished

Notes
Turn   | Place    | Note
-------+----------+-------------------------------------------
     0 | D:1      | croobank the Hill Orc Fighter began the quest for the Orb.
     0 | D:1      | Reached XP level 1. HP: 19/19 MP: 1/1
   118 | D:1      | Reached XP level 2. HP: 27/27 MP: 2/2
   604 | D:1      | Reached XP level 3. HP: 33/33 MP: 3/3
  1089 | D:2      | Found a faded altar of an unknown god.
  1355 | D:2      | Reached XP level 4. HP: 24/40 MP: 4/4
  1796 | D:3      | Noticed Jessica
  1801 | D:3      | Killed Jessica
  1820 | D:3      | Reached XP level 5. HP: 38/47 MP: 5/5
  1999 | D:3      | Found a bloodstained altar of Trog.
  2563 | D:3      | Reached skill level 5 in Fighting
  2563 | D:3      | Reached XP level 6. HP: 11/56 MP: 6/6
  2874 | D:3      | Gained mutation: You have hidden genetic potential. [potion
                  | of mutation]
  2874 | D:3      | Gained mutation: Your system is resistant to poisons.
                  | (rPois) [potion of mutation]
  3301 | D:3      | Found a white marble altar of Elyvilon.
  3707 | D:4      | Found a staircase to the Ecumenical Temple.
  3747 | D:4      | Reached skill level 5 in Axes
  3804 | D:4      | Reached skill level 5 in Shields
  3892 | D:4      | Noticed a necrophage
  3911 | D:4      | Reached skill level 5 in Armour
  3911 | D:4      | Reached XP level 7. HP: 61/61 MP: 7/7
  3913 | D:4      | Reached skill level 1 in Invocations
  3926 | D:4      | Gained mutation: You have sharp toenails. [hidden
                  | potential]
  3959 | D:4      | Found a blossoming altar of Fedhas.
  3959 | D:4      | Found a stormy altar of Qazlal.
  3960 | D:4      | Found a basalt altar of Yredelemnul.
  4215 | D:5      | Entered Level 5 of the Dungeon
  4335 | D:5      | Found a broken altar of Ashenzari.
  4385 | D:5      | Reached XP level 8. HP: 69/70 MP: 8/10
  4440 | D:5      | Noticed a two-headed ogre
  4446 | D:5      | Killed a two-headed ogre
  4448 | D:5      | Gained mutation: Your muscles are strong. (Str +2) [hidden
                  | potential]
  4448 | D:5      | Lost mutation: You have hidden genetic potential. [hidden
                  | potential expressed]
  4465 | D:5      | Noticed Pikel
  4474 | D:5      | Killed Pikel
  4475 | D:5      | Reached skill level 5 in Invocations
  4475 | D:5      | Reached XP level 9. HP: 65/79 MP: 12/12
  4732 | D:6      | Found a glowing drain.
  4746 | Sewer    | Entered a sewer
  5334 | D:6      | Noticed Dowan
  5335 | D:6      | Noticed Duvessa
  5354 | D:6      | Killed Duvessa
  5360 | D:6      | Killed Dowan
  5382 | D:6      | Found a glowing silver altar of Zin.
  5595 | D:6      | Found an iron altar of Okawaru.
  5810 | D:6      | Became a worshipper of Beogh the Brigand
  6157 | D:7      | Found a transporter.
  6178 | D:7      | Identified the +11 spear of Fortitude {chaos, Dex+4}
  6178 | D:7      | Identified the +2 ring mail "Zuih" {rElec rPois Will++
                  | MP-9}
  6514 | D:7      | Found a transporter.
  6515 | D:7      | Noticed BeingJoeMalik's ghost (novice DrFi)
  6519 | D:7      | Identified the ring of Cael {rF+ Dex+2 Slay+5 Stlth+}
  6522 | D:7      | Identified the +1 robe of Mental Paralysis {rElec rF- rC+
                  | Str+4}
  6581 | D:8      | Reached XP level 10. HP: 86/90 MP: 15/15
  6639 | D:8      | Reached * piety under Beogh
  6749 | D:8      | Found a shadowy altar of Dithmenos.
  6832 | D:8      | Found Sarchulu's Jewellery Shop.
  6891 | D:8      | Noticed Psyche
  6901 | D:8      | Killed Psyche
  6989 | D:8      | Found a burning altar of Makhleb.
  6991 | D:8      | Found a shimmering blue altar of Sif Muna.
  7040 | D:8      | Found a staircase to the Lair.
  8083 | D:9      | Reached ** piety under Beogh
  8084 | D:9      | Reached skill level 10 in Axes
  8502 | D:9      | Found Nyka's Book Shoppe.
  8690 | D:10     | Entered Level 10 of the Dungeon
  8692 | D:10     | Noticed a boulder beetle
  8745 | D:10     | Noticed Erica
  8755 | D:9      | Reached XP level 11. HP: 51/99 MP: 17/17
  8755 | D:9      | Killed Erica
  8756 | D:9      | Reached skill level 10 in Fighting
  8905 | D:10     | Identified the +8 morningstar of Brawling {venom, *Noise
                  | rCorr Str+2}
  9070 | D:10     | Killed a boulder beetle
  9071 | D:10     | Reached skill level 1 in Maces & Flails
  9242 | D:10     | Found Rynink's Antique Weapon Boutique.
  9278 | D:10     | Found a roughly hewn altar of Beogh.
  9328 | D:10     | Reached *** piety under Beogh
  9432 | D:10     | Noticed a two-headed ogre
  9442 | D:10     | Killed a two-headed ogre
  9837 | D:11     | Noticed a cyclops
  9853 | D:11     | Killed a cyclops
 10149 | D:11     | Found a gate leading to a gauntlet.
 10234 | Lair:1   | Entered Level 1 of the Lair of Beasts
 10334 | Lair:1   | Mangled by a komodo dragon

Illustrated notes

Levels and vault maps discovered:
D:1:      dpeg_arrival_arbitrary_b, layout_basic, serial_bayou,
          serial_bayou_lagoon_b, serial_bayou_pond_e, serial_bayou_lagoon_a,
          serial_bayou_pond_e, st_stairs_8
D:2:      minmay_chambers_of_twos, layout_basic,
          hellmonk_ecumenical_altar_heavens_door, hangedman_decor_opposing
D:3:      layout_basic, elyvilon_altar_3, nicolae_overflow_crystal_walls,
          saegor_snake_ambush, uniq_jessica
D:4:      layout_rooms, gammafunk_temple_overflow_claw,
          minmay_temple_entry_sparse_star
D:5:      layout_basic, mainiacjoe_overflow_alcove_1, small_statue_intersection,
          uniq_pikel
D:6:      layout_cave_pools, mainiacjoe_overflow_concentric_impassable,
          marbit_many_paths, cheibrodos_sewer_entry_drain, uniq_duvessa
D:7:      layout_basic, gammafunk_ghost_gnarly_gnolls
D:8:      layout_gridville, mainiacjoe_overflow_catwalk_spiral,
          nicolae_dithmenos_shadow_blocks, erik_lair_orcish_takeover,
          serial_shops, nicolae_shop_hallway_stairs, uniq_psyche
D:9:      layout_basic, serial_shops, nicolae_stop_n_shop_2
D:10:     layout_long_grid, special_room [special_room_orc],
          nicolae_take_the_stairs, uniq_erica
D:11:     layout_irregular_city, gauntlet_entry_generic, chequers_mini_garden
Lair:1:   layout_gridlike, basic_altar, grunt_megastairs_5

Skill      XL: |  1  2  3  4  5  6  7  8  9 10 11 |
---------------+----------------------------------+-----
Axes           | 3 4 5 6 7 8 10 | 10.5
Fighting       | 4 5 6 7 8 9 10 | 10.6
Armour         | 4 5 6 7 8 9 |  9.6
Shields        | 4 5 6 7 8 9 |  9.6
Invocations    | 2 5 6 8 9 |  9.7
Maces & Flails | 3 |  3.9

Action                   |  1- 3 |  4- 6 |  7- 9 | 10-12 || total
-------------------------+-------+-------+-------+-------++-------
Melee: War axe           |   113 |   180 |   249 |   299 ||   841
       Kick              |       |       |    62 |    97 ||   159
       Morningstar       |       |       |       |     7 ||     7
Invok: Convert to Beogh  |       |       |     1 |       ||     1
       Smiting           |       |       |       |     1 ||     1
Evoke: Wand              |       |       |     5 |    10 ||    15
  Use: Potion            |       |     4 |     2 |     2 ||     8
       Scroll            |       |     1 |    10 |     6 ||    17
 Stab: Paralysed         |       |       |       |     2 ||     2
Armor: Scale mail        |    60 |    58 |       |       ||   118
       Ring mail         |       |    31 |   108 |   139 ||   278
Dodge: Dodged            |    62 |    81 |   131 |   128 ||   402
Block: Buckler           |    27 |    41 |    73 |    95 ||   236
